AoeStats
← charlatão

Arena

509182645Analyzed
2v2 RM · 8d ago on Sep 25, 2026· 53m 14s· 4 players
Game mode
Random Map
Map size
Medium (4 player)
Population
200
Speed
Normal
Resources
Standard
Victory
Conquest
Starting age
Dark Age
Ending age
Imperial Age
RankedLock teamsTeams togetherTeam positionsShared explorationLock speedFull tech treeHidden civsTurbo modeCheats
Victory
Defeat
🇧🇷 Britons · Brazil
1112
+17
1103
+17
🇮🇳 Malay · India
1205
-19
🇺🇸 Italians · United States
1068
-15
charlatão
5:24 Loom
11:08 Feudal Age
15:27 Castle Age
15:44 Fletching
15:40 Crossbowman
16:25 Bodkin Arrow
17:30 Double-Bit Axe
24:12 Bow Saw
23:47 Horse Collar
25:42 Gold Mining
29:17 Ballistics
30:28 Scale Barding Armor
51:13 Padded Archer Armor
Cata スターフルーツ
9:31 Loom
11:16 Feudal Age
15:29 Castle Age
13:44 Double-Bit Axe
16:48 Bow Saw
32:18 Horse Collar
34:48 Wheelbarrow
36:20 Forging
36:12 Scale Mail Armor
36:18 Man-at-Arms
36:44 Gambesons
36:59 Squires
36:45 Arson
37:38 Iron Casting
37:29 Long Swordsman
38:27 Chain Mail Armor
41:00 Hand Cart
44:08 Imperial Age
45:21 Two-Handed Swordsman
47:04 Blast Furnace
46:34 Plate Mail Armor
46:18 Champion
John Wick Jr.
0:26 Loom
10:51 Feudal Age
11:32 Loom
14:54 Castle Age
12:40 Double-Bit Axe
12:37 Horse Collar
16:11 Bow Saw
22:30 Stone Mining
28:12 Imperial Age
27:13 Fletching
27:23 Padded Archer Armor
27:49 Ballistics
29:08 Leather Archer Armor
28:48 Bodkin Arrow
29:11 Leather Archer Armor
29:20 Conscription
28:23 Capped Ram
28:26 Elite Skirmisher
31:56 Chemistry
30:58 Bracer
32:15 Ring Archer Armor
GAF
6:15 Loom
8:36 Feudal Age
8:26 Double-Bit Axe
8:22 Horse Collar
8:28 Horse Collar
13:12 Gold Mining
17:08 Castle Age
17:40 Scale Barding Armor
17:45 Forging
20:30 Iron Casting
21:16 Wheelbarrow
40:50 Crossbowman
41:53 Thumb Ring
42:33 Hand Cart
43:35 Fletching
43:46 Padded Archer Armor
47:42 Bodkin Arrow
52:22 Elite Skirmisher
Connection lost

Rejoining the realm…

Still unreachable

The connection could not be restored.

Session expired

The server has moved on; the page needs a fresh start.